 Dungeon Crawl Stone Soup version 0.23-a0-29-g1be82e5 (webtiles) character file.

29 glosham the Conjurer (level 3, -3/31 HPs)
             Began as a Hill Orc Conjurer on Aug 3, 2018.
             Slain by a kobold
             ... wielding a +0 short sword
              (4 damage)
             ... on level 3 of the Dungeon.
             The game lasted 00:15:44 (795 turns).

glosham the Conjurer (Hill Orc Conjurer)             Turns: 795, Time: 00:15:45

Health: -3/31      AC:  2    Str: 16    XL:     3   Next: 16%
Magic:  0/5        EV: 12    Int: 15    God:
Gold:   82         SH:  0    Dex: 11    Spells: 4/5 levels left

rFire    . . .     SeeInvis .   a - +0 mace
rCold    . . .     Gourm    .   (no shield)
rNeg     . . .     Faith    .   k - +0 robe (curse)
rPois    .         Spirit   .   (no helmet)
rElec    .         Reflect  .   (no cloak)
rCorr    .         Harm     .   (no gloves)
MR       .....                  (no boots)
Stlth    ++........             (no amulet)
HPRegen  0.10/turn              (no ring)
MPRegen  0.09/turn              (no ring)

@: mighty
A: no striking features
a: no special abilities


You were on level 3 of the Dungeon.
You were not hungry.

You visited 1 branch of the dungeon, and saw 3 of its levels.

You collected 82 gold pieces.

Inventory:

Hand Weapons
 a - a +0 mace (weapon)
 b - a +0 short sword
 f - a +0 hunting sling
Missiles
 d - 10 stones (quivered)
 j - 6 javelins
Armour
 k - a cursed +0 robe (worn)
Potions
 g - a potion of might
 h - a potion of haste {unknown}
 i - 2 potions of magic
Comestibles
 c - 5 rations
 l - a chunk of flesh


   Skills:
 * Level 3.3 Fighting
 - Level 1.5 Dodging
 - Level 1.5 Stealth
 - Level 1.5 Spellcasting
 - Level 4.0 Conjurations


You had 4 spell levels left.
You knew the following spells:

 Your Spells              Type           Power        Failure   Level  Hunger
z - Magic Dart            Conj           ##..         4%          1    ##.....

Your spell library contained the following spells:

 Spells                   Type           Power        Failure   Level  Hunger
 Iskenderun's Mystic Bla  Conj           ##......     41%         4    #####..
 Statue Form              Tmut/Erth      #........    100%        6    #######
 Dragon Form              Tmut           #.........   100%        7    #######
 Fulminant Prism          Conj/Hex       #.........   71%         4    #####..
 Dazzling Spray           Conj/Hex       #.....       30%         3    ####...
 Force Lance              Conj/Tloc      #.......     71%         4    #####..
 Searing Ray              Conj           ##....       7%          2    ###....
 Hydra Form               Tmut           #.........   100%        6    #######
 Irradiate                Conj/Tmut      #.........   96%         5    ######.


Dungeon Overview and Level Annotations

Branches:
Dungeon (3/15)

Altars:


Message History

Confirm with . or Enter, or press ? or * to list all spells.
Aiming: Magic Dart (safe; 4% risk of failure)
Press: ? - help, Shift-Dir - straight line, f/p - orc
Aim: an orc, wielding a short sword (severely wounded)
The magic dart hits the orc.
The orc is almost dead.
The orc closely misses you.
A kobold comes into view. It is wielding a short sword.
Casting: Magic Dart (safe; 4% risk of failure)
Confirm with . or Enter, or press ? or * to list all spells.
Aiming: Magic Dart (safe; 4% risk of failure)
Press: ? - help, Shift-Dir - straight line, f/p - orc
Aim: an orc, wielding a short sword (almost dead)
The magic dart hits the orc.
You kill the orc!
The kobold shouts!
Casting: Magic Dart (safe; 4% risk of failure)
Confirm with . or Enter, or press ? or * to list all spells.
Aiming: Magic Dart (safe; 4% risk of failure)
Press: ? - help, Shift-Dir - straight line, f - kobold
Aim: a kobold, wielding a short sword The magic dart hits the kobold.
The kobold is moderately wounded.
The hobgoblin misses you.
You hit the kobold but do no damage.
The kobold is moderately wounded.
The kobold hits you with a short sword. The hobgoblin barely misses you.
The kobold closely misses you.
It was a potion of might.
You feel very mighty all of a sudden. The hobgoblin hits you.
* * * LOW HITPOINT WARNING * * *
The kobold hits you with a short sword.
* * * LOW HITPOINT WARNING * * *
You miss the kobold.
The kobold is moderately wounded.
The hobgoblin hits you.
* * * LOW HITPOINT WARNING * * *
The kobold hits you with a short sword.
You die...

#### ###.....#
..... .........
..o..##........
...............
#. #.<.......
#...###.........
#..gr..r.#.....#
##.####g###...##
#@# #+## #K# ..#
####


You could see a hobgoblin, a kobold and a rat.

Vanquished Creatures
  An orc (D:3)
  6 goblins
  4 hobgoblins
  5 bats
  3 frilled lizards
  7 kobolds
  2 rats (D:1)
28 creatures vanquished.

Notes
Turn   | Place    | Note
-------+----------+-------------------------------------------
     0 | D:1      | glosham the Hill Orc Conjurer began the quest for the Orb.
     0 | D:1      | Reached XP level 1. HP: 14/14 MP: 3/3
    78 | D:1      | Reached skill level 1 in Fighting
   199 | D:1      | Reached XP level 2. HP: 18/24 MP: 4/4
   200 | D:1      | Reached skill level 2 in Fighting
   620 | D:1      | Reached skill level 3 in Fighting
   684 | D:1      | Reached XP level 3. HP: 31/31 MP: 3/5
   795 | D:3      | HP: 1/31 [hobgoblin (3)]
   795 | D:3      | Slain by a kobold

Vault maps used:
D:1:      lightli_arrival_boilingwater
D:2:      lightli_temple_of_fire, first_ration
D:3:      chequers_ecumenical_altar_simple_redux

Skill      XL: |  1  2 |
---------------+-------+-----
Fighting       | 1 3 |  3.3
Dodging        | |  1.5
Stealth        | |  1.5
Spellcasting   | |  1.5
Conjurations   | |  4.0

Action                   || total
-------------------------++-------
Melee: Mace              ||    51
 Cast: Magic Dart        ||    28
  Use: Scroll            ||     4
       Potion            ||     1
 Stab: Sleeping          ||     1
Armor: Robe              ||     5
Dodge: Dodged            ||    44

Table legend:
 A = Spawn XP
 B = Non-spawn XP
 C = Spawn XP percentage of total XP
 D = Spawn monster count
 E = Non-spawn monster count
 F = Spawn count percentage of total count
 G = Total turns spent on level
                    A         B        C        D         E        F      G
               +---------+---------+-------+---------+---------+-------+---------
         Total |       0 |      42 |   0.0 |       0 |      28 |   0.0 |   795
               +---------+---------+-------+---------+---------+-------+---------
           D:1 |       0 |      25 |   0.0 |       0 |      18 |   0.0 |   568
           D:2 |       0 |      10 |   0.0 |       0 |       7 |   0.0 |   207
           D:3 |       0 |       7 |   0.0 |       0 |       3 |   0.0 |    20
               +---------+---------+-------+---------+---------+-------+---------

Table legend:
 A = Turns spent in this place as a percentage of turns spent in the entire game.
 B = Non-inter-level travel turns spent in this place as a percentage of non-inter-level travel turns spent in the entire game.
 C = Inter-level travel turns spent in this place as a percentage of turns spent in this place.
 D = Turns resting spent in this place as a percentage of non-inter-level travel turns spent in this place.
 E = Turns spent auto-exploring this place as a percentage of non-inter-level travel turns spent in this place.
 F = Non-inter-level travel turns spent in this place divided by the number of levels of this place that you've seen.
                   A       B       C       D       E      F
               +-------+-------+-------+-------+-------+----------------------
         Total | 100.0 | 100.0 |   2.8 |   0.5 |   0.0 | 257.7
       Dungeon | 100.0 | 100.0 |   2.8 |   0.5 |   0.0 | 257.7
               +-------+-------+-------+-------+-------+----------------------

Table legend:
 A = Kills in this place as a percentage of kills in entire the game.
 B = Kills by you in this place as a percentage of kills by you in the entire game.
 C = Kills by friends in this place as a percentage of kills by friends in the entire game.
 D = Other kills in this place as a percentage of other kills in the entire game.
 E = Experience gained in this place as a percentage of experience gained in the entire game.
 F = Experience gained in this place divided by the number of levels of this place that you have seen.
                   A       B       C       D       E      F
               +-------+-------+-------+-------+-------+----------------------
         Total | 100.0 | 100.0 |   N/A |   N/A | 100.0 |  14.0
       Dungeon | 100.0 | 100.0 |   N/A |   N/A | 100.0 |  14.0
               +-------+-------+-------+-------+-------+----------------------

Vault maps used:
D:1:      lightli_arrival_boilingwater
D:2:      lightli_temple_of_fire, first_ration
D:3:      chequers_ecumenical_altar_simple_redux
